 Dungeon Crawl Stone Soup version 0.27-a0-1206-g6342a01c75 (webtiles) character file.

Game seed: 16614672401252475171

178 Glokmah the Shield-Bearer (level 5, -6/42 HPs)
             Began as a Formicid Fighter on June 5, 2021.
             Mangled by an ogre
             ... wielding a +0 giant club
              (25 damage)
             ... on level 4 of the Dungeon.
             The game lasted 00:04:43 (3121 turns).

Glokmah the Shield-Bearer (Formicid Fighter)        Turns: 3121, Time: 00:04:43

Health: -6/42      AC:  6    Str: 21    XL:     5   Next: 89%
Magic:  5/5        EV:  8    Int: 13    God:
Gold:   109        SH: 11    Dex: 11    Spells: 4/4 levels left

rFire    . . .     SeeInvis +   a - +6 executioner's axe of Utudy {freeze, *Slow rPois rN++ SInv}
rCold    . . .     Faith    .   c - +1 kite shield
rNeg     + + .     Spirit   .   b - +0 scale mail
rPois    +         Reflect  .   (helmet unavailable)
rElec    .         Harm     .   (no cloak)
rCorr    .         Rampage  .   (no gloves)
Will     .....                  (no boots)
Stlth    ..........             p - amulet of magic regeneration
HPRegen  0.14/turn              k - ring of wizardry
MPRegen  0.34/turn              n - +6 ring of intelligence

@: no status effects
A: permanent stasis, dig shafts and tunnels, antennae 3, four strong arms
a: Dig, Shaft Self


You were on level 4 of the Dungeon.
You visited 1 branch of the dungeon, and saw 4 of its levels.

You collected 109 gold pieces.

Inventory:

Hand Weapons
 a - the +6 executioner's axe of Utudy (weapon) {freeze, *Slow rPois rN++ SInv}
   (You acquired it on level 3 of the Dungeon)

   It has been specially enchanted to freeze those struck by it, causing extra
   injury to most foes and up to half again as much damage against particularly
   susceptible opponents.
   It can also slow down cold-blooded creatures.
   It protects you from poison.
   It greatly protects you from negative energy.
   It lets you see invisible.
   It may slow you when you take damage.
Missiles
 g - 12 javelins
 j - 83 poisoned darts (quivered)
 l - 42 bolts
Armour
 b - a +0 scale mail (worn)
 c - a +1 kite shield (worn)
Jewellery
 k - a ring of wizardry (left hand)
 n - a +6 ring of intelligence (right hand)
 p - an amulet of magic regeneration (around neck)
Scrolls
 f - 2 scrolls of immolation
 o - a scroll of silence {unknown}
Potions
 d - a potion of might
 e - 3 potions of curing
 h - a potion of degeneration {unknown}
 i - a potion of mutation {unknown}
 m - 2 potions of attraction
 q - a potion of brilliance {unknown}
 s - a potion of heal wounds {unknown}
 t - 3 potions of lignification {unknown}
 u - a potion of resistance {unknown}


   Skills:
 + Level 4.1 Fighting
 * Level 3.8 Axes
 - Level 3.2 Armour
 * Level 5.4 Shields


You had 4 spell levels left.
You didn't know any spells.
Your spell library contained the following spells:

 Spells                   Type           Power      Damage    Failure   Level
 Haunt                    Necr/Summ      0%         N/A       100%        7
 Malign Gateway           Summ/Tloc      0%         N/A       100%        7
 Monstrous Menagerie      Summ           0%         N/A       100%        7
 Summon Horrible Things   Summ           0%         N/A       100%        8


Dungeon Overview and Level Annotations

Branches:
Dungeon (4/15)
 Temple: D:4-7

Altars:
Kikubaaqudgha

Shops:
D:1 !


Innate Abilities, Weirdness & Mutations

You cannot be hasted, slowed, berserked, paralysed or teleported.
You can dig through walls and to a lower floor.
You have a pair of large antennae on your head. (SInv)
Your four strong arms can wield two-handed weapons with a shield.


Message History

The orc shouts!
You block the orc's attack.
A ball python comes into view.
You barely miss the orc.
The ball python hisses angrily.
The orc barely misses you. The orc hits you but does no damage.
You hit the orc. You freeze the orc.
You kill the orc!
The ball python closely misses you. The ball python grabs you.
The ball python constricts you.
Things that are here:
a +0 mace; a +0 leather armour; an orc corpse You hit the ball python.
The ball python seems to slow down.
You freeze the ball python.
The ball python is severely wounded.
The ball python bites you. The ball python constricts you.
You slash the ball python!
The ball python seems to slow down.
You freeze the ball python.
You kill the ball python!
No target in view!
No target in view!
You see here a ball python corpse.
HP restored.
You sense a monster nearby.
Found a scroll labelled GIMINO ISHIFO.
Found a plate armour.
Setting a skill training target for Shields at 9.0.
An ogre comes into view. It is wielding a +0 giant club.
The ogre shouts!
You hear a shout!
The ogre hits you with a +0 giant club!
A kobold comes into view. It is wielding a +0 dagger.
You slash the ogre! You freeze the ogre.
The ogre is heavily wounded.
You block the ogre's attack.
The kobold throws a stone.
You block the stone. The ogre hits you with a +0 giant club!
You barely miss the ogre.
The ogre is heavily wounded.
The ogre hits you with a +0 giant club!!
Ouch! That really hurt!
You die...

.. ... ..K. ....#
.....## .......###
.........# .. #.O@.##
##.# ####..####..?...
.####........###.#
#......#.#######..#
#..........# #..#
...........#####..#####
#......................
#............###.......
...........#.##........


You could see an ogre and a kobold.

Vanquished Creatures
  A scorpion (D:4)
  An adder (D:2)
  3 worms
  2 dart slugs
  4 orcs
  5 bats
  7 endoplasms
  5 giant cockroaches
  11 goblins
  4 hobgoblins
  19 jackals
  2 quokkas
  5 ball pythons
  A frilled lizard (D:2)
  4 kobolds
  4 rats
78 creatures vanquished.

Notes
Turn   | Place    | Note
-------+----------+-------------------------------------------
     0 | D:1      | Glokmah the Formicid Fighter began the quest for the Orb.
     0 | D:1      | Reached XP level 1. HP: 18/18 MP: 1/1
    26 | D:1      | Reached XP level 2. HP: 18/24 MP: 2/2
   203 | D:1      | Found a faded altar of an unknown god.
   216 | D:1      | Reached skill level 4 in Shields
   450 | D:1      | Reached XP level 3. HP: 20/29 MP: 3/3
   454 | D:1      | Found Pofrukkyji's Distillery.
  1384 | D:2      | Reached XP level 4. HP: 26/37 MP: 4/4
  2347 | D:3      | Identified a scroll of acquirement
  2347 | D:3      | Acquired the +6 executioner's axe of Utudy {freeze, *Slow
                  | rPois rN++ SInv}
  2452 | D:3      | Reached XP level 5. HP: 31/42 MP: 5/5
  2823 | D:3      | Reached skill level 5 in Shields
  3085 | D:4      | Found an ancient bone altar of Kikubaaqudgha.
  3118 | D:4      | Noticed an ogre
  3121 | D:4      | Mangled by an ogre

Illustrated notes

Levels and vault maps discovered:
D:1:      wander_arrival_peaceful_grave, layout_basic, serial_shops,
          shop_fountains, hellmonk_ecumenical_altar_blasted
D:2:      layout_rooms, minmay_nonomino_d4
D:3:      layout_loops_ring, serial_glass, glass_columns_a, glass_columns_c,
          cheibrodos_sewer_entry_bend, nrook_mini_vaults, minmay_goblin_outpost
D:4:      layout_rooms, kennysheep_mini_moat, grunt_ministairs_12

Skill      XL: |  1  2  3  4  5 |
---------------+----------------+-----
Shields        | 4 5 |  5.4
Axes           | 3 |  3.8
Fighting       | 4 |  4.1
Armour         | |  3.2

Action                   |  1- 3 |  4- 6 || total
-------------------------+-------+-------++-------
Melee: War axe           |    96 |    69 ||   165
       Executioner's axe |       |    38 ||    38
Throw: Dart              |       |     6 ||     6
  Use: Scroll            |       |     5 ||     5
Armor: Scale mail        |    69 |    44 ||   113
Dodge: Dodged            |    54 |    33 ||    87
Block: Kite shield       |    76 |   106 ||   182

Table legend: (Time is in decaauts)
 A = Elapsed time spent in this place.
 B = Non-inter-level travel time spent in this place.
 C = Inter-level travel time spent in this place.
 D = Time resting spent in this place.
 E = Time spent auto-exploring this place.
 F = Levels seen in this place.
 G = Mean time per level.
                   A        B        C        D        E       F      G
               +--------+--------+--------+--------+--------+-----+--------+
         Total |   3249 |   3074 |    175 |      0 |   2288 |   4 |  812.2 |
       Dungeon |   3249 |   3074 |    175 |      0 |   2288 |   4 |  812.2 |
               +--------+--------+--------+--------+--------+-----+--------+

Top non-repeatable levels by time:
     D:3: 1213 daAuts
     D:1: 1105 daAuts
     D:2: 863 daAuts
     D:4: 67 daAuts
